 Dungeon Crawl Stone Soup version 0.18-a0-1405-g73f4075 (webtiles) character file.

16702 M4edhros the Nimble (level 12, 0/124 HPs)
             Began as an Octopode Artificer on Feb 25, 2016.
             Was an Initiate of Gozag.
             Slain by a tengu warrior
             ... wielding a +0 long sword
             ... led by a tengu warrior
              (5 damage)
             ... on level 10 of the Dungeon.
             The game lasted 00:20:18 (14386 turns).

M4edhros the Nimble (Octopode Artificer)           Turns: 14386, Time: 00:20:18

Health: 0/124      AC:  4    Str: 17    XL:     12   Next: 40%
Magic:  14/14      EV: 18    Int: 18    God:    Gozag
Gold:   842        SH:  0    Dex: 12    Spells: 0 memorised, 11 levels left

rFire  x . .     SeeInvis .     C - +15 Mace of Variability {chaos}
rCold  + + +     Gourm    .     (shield currently unavailable)
rNeg   . . .     Faith    .     (helmet restricted)
rPois  +         Spirit   .     (no amulet)
rElec  .         Dismiss  .     o - ring of protection from cold
rCorr  .         Reflect  .     r - +3 ring of protection
SustAt .         Harm     .     (no ring)
MR     .....     Rnd*Rage +     I - ring of ice
Stlth  .......... Rnd*Tele +    (no ring)
                                (no ring)
                                (no ring)
                                (no ring)

@: berserking (expiring), gold aura, very quick, not resistant to hostile
enchantments, extremely unstealthy
A: almost no armour, amphibious, 8 rings, constrict 8, fangs 1, camouflage 1,
berserk 1, cold resistance 1, poison resistance, teleportitis 1, wild magic 1,
gelatinous body 1
a: Potion Petition, Call Merchant, Bribe Branch, Renounce Religion


You were on level 10 of the Dungeon.
You worshipped Gozag.
Gozag was noncommittal.
You were not hungry.

You visited 1 branch of the dungeon, and saw 10 of its levels.
You also visited: Sewer.

You collected 2407 gold pieces.
You spent 95 gold pieces at shops.
You paid 1470 gold pieces to Gozag.

Inventory:

Hand Weapons
 C - the +15 Mace of Variability (weapon) {chaos}
   (You found it on level 4 of the Dungeon)

   Each time it hits an enemy it has a different, random effect.
 E - a +4 hunting sling of velocity
Missiles
 k - 231 stones (quivered)
Jewellery
 o - a ring of protection from cold (left tentacle)
 r - a +3 ring of protection (right tentacle)
 I - a ring of ice (on tentacle)
Wands
 a - a wand of iceblast (6/15)
 b - a wand of flame (15/48)
 c - a wand of enslavement (12/24)
 d - a wand of random effects (6/48)
 e - a wand of random effects (11/48)
 g - a wand of flame (29/48)
 i - a wand of flame (33/48)
 p - a wand of iceblast (9/15)
 w - a wand of slowing (16/48)
 F - a wand of flame (23/48)
Scrolls
 h - 2 scrolls of identify
 j - 5 scrolls of noise
 n - a scroll of magic mapping
 s - 3 scrolls of immolation
 v - a scroll of recharging
 y - 5 scrolls of remove curse
 A - a scroll of fear
Potions
 q - a potion of brilliance
 u - 3 potions of flight
 B - a potion of resistance
 G - a potion of haste
Books
 m - a book of Necromancy

   Spells                             Type                      Level
   a - Pain                           Necromancy                   1
   b - Animate Skeleton               Necromancy                   1
   c - Vampiric Draining              Necromancy                   3
   d - Regeneration                   Charms/Necromancy            3
   e - Animate Dead                   Necromancy                   4
   f - Control Undead                 Necromancy                   4
Comestibles
 f - 10 bread rations
 l - 7 fruits
 t - 2 meat rations


   Skills:
 + Level 8.3 Fighting
   Level 1.0 Short Blades
 + Level 8.0 Slings
 + Level 11.9 Dodging
 - Level 1.3 Stealth
 - Level 10.8 Unarmed Combat
 - Level 3.2 Evocations


You had 11 spell levels left.
You didn't know any spells.

Dungeon Overview and Level Annotations

Branches:
Dungeon (10/15)            Temple (0/1) D:7            Lair (0/8) D:8
    Orc (0/2) D:9

Altars:
Dithmenos
Fedhas
Gozag
Kikubaaqudgha
Pakellas
Ru
Sif Muna
Vehumet
Xom
Yredelemnul
Zin

Shops:
D:6 (   D:7 !   D:9 =   D:10 *

Annotations:
D:10 Erolcha, Snorg


Innate Abilities, Weirdness & Mutations

You cannot wear most types of armour.
You are amphibious.
You can wear up to eight rings at the same time.
You can use your tentacles to constrict eight enemies at once.
Your skin changes colour to match your surroundings (Stealth).
Your rubbery body absorbs attacks (AC +1).
You have very sharp teeth.
You tend to lose your temper in combat.
Your flesh is cold resistant.
Your system is resistant to poisons.
You are occasionally teleported next to monsters.
Your spells are a little harder to cast, but a little more powerful.


Message History

The tengu warrior completely misses you.
The tengu warrior pecks you.
* * * LOW HITPOINT WARNING * * *
The tengu warrior barely misses you.
Unknown command.
The tengu warrior blocks your attack.
You grab the tengu warrior. You constrict the tengu warrior.
The tengu warrior misses you. The tengu warrior pecks you.
* * * LOW HITPOINT WARNING * * *
The tengu warrior claws you.
* * * LOW HITPOINT WARNING * * *
Unknown command.
You bludgeon the tengu warrior!!
The tengu warrior goes berserk!
The tengu warrior is heavily wounded.
You constrict the tengu warrior.
The tengu warrior hits you with a long sword.
* * * LOW HITPOINT WARNING * * *
The tengu warrior pecks you.
You die...
Your body crumbles into a pile of gold.

#.#.####.# ##'## #.#
#........# #.# #.#
#.....#### ##.#######.#
#>....### #........#.#
#.......######...####.#.#
#.....#............##.#.#
#.....########..........#
####### #.$⌠.###.###
#..@.....# ##.Q######
#..# #._### #....# #.⌠..#
#....# #.##.# #.. .#


You could see a tengu warrior (berserk).

Vanquished Creatures
  A tengu warrior (D:10)
  A deep elf mage (D:10)
  A cyclops (D:10)
  The ghost of Canard the Cruncher, a novice DsGl of Gozag (D:5)
  A komodo dragon (D:8)
  A two-headed ogre (D:10)
  2 trolls
  Grinder (D:5)
  A spriggan (D:7)
  Grum (D:8)
  2 hippogriffs
  A hungry ghost (D:9)
  2 wolves (D:8)
  2 gnoll sergeants (D:9)
  4 orc warriors
  2 ice beasts
  2 black bears
  2 eyes of draining
  10 ogres
  A necrophage (D:7)
  2 sky beasts
  2 phantoms
  4 centaurs
  Blork the orc (D:4)
  6 big kobolds
  5 giant frogs
  4 scorpions
  5 killer bees (D:10)
  6 howler monkeys
  9 crimson imps
  2 quasits
  A centaur zombie (D:5)
  4 hounds
  4 jellies
  5 orc priests
  2 centaur skeletons
  3 giant frog skeletons
  10 orc wizards
  Natasha (twice) (D:2)
  7 worker ants
  A hound skeleton (D:7)
  A worker ant zombie (D:10)
  8 gnolls
  19 adders
  3 river rats
  3 shadow imps
  An ooze (D:7)
  An adder zombie (D:6)
  An adder skeleton (D:9)
  2 worms
  2 dart slugs (D:2)
  4 giant geckos
  44 orcs
  5 bats
  4 giant cockroaches
  9 goblins
  7 hobgoblins
  10 jackals
  5 quokkas
  2 ball pythons
  6 giant newts
  A jackal skeleton (D:5)
  26 kobolds
  8 rats
296 creatures vanquished.

Vanquished Creatures (collateral kills)
  An orc warrior (D:9)
  A big kobold (D:9)
2 creatures vanquished.

Vanquished Creatures (others)
  An orc warrior (D:9)
  A gnoll sergeant (D:9)
  3 plants (D:8)
5 creatures vanquished.

Grand Total: 303 creatures vanquished

Notes
Turn   | Place    | Note
--------------------------------------------------------------
     0 | D:1      | M4edhros the Octopode Artificer began the quest for the Orb.
     0 | D:1      | Reached XP level 1. HP: 13/13 MP: 3/3
    81 | D:1      | Reached skill level 1 in Unarmed Combat
   483 | D:1      | Reached XP level 2. HP: 16/18 MP: 4/4
   842 | D:2      | Reached XP level 3. HP: 14/23 MP: 5/5
   908 | D:2      | Noticed Natasha
   915 | D:2      | Killed Natasha
  1219 | D:2      | Reached XP level 4. HP: 28/28 MP: 6/6
  1742 | D:2      | Found an opulent altar of Gozag.
  1891 | D:2      | Became a worshipper of Gozag Ym Sagoz the Greedy
  2460 | D:3      | Reached XP level 5. HP: 22/33 MP: 7/7
  2741 | D:3      | Reached skill level 5 in Unarmed Combat
  2826 | D:3      | Found a glowing drain.
  2830 | Sewer    | Entered a sewer
  3094 | Sewer    | Noticed a big kobold
  3136 | Sewer    | Killed a big kobold
  3136 | Sewer    | Reached XP level 6. HP: 31/38 MP: 8/8
  3179 | Sewer    | Found a white marble altar of Elyvilon.
  3553 | D:4      | You fall through a shaft for 2 floors!
  3560 | D:6      | Noticed a black bear
  3687 | D:5      | Entered Level 5 of the Dungeon
  4121 | D:5      | Reached XP level 7. HP: 35/43 MP: 9/9
  4400 | D:5      | Noticed Canard's ghost (novice DsGl)
  4582 | D:4      | Noticed Blork the orc
  4591 | D:4      | Killed Blork the orc
  5007 | D:4      | Found a sacrificial altar of Ru.
  5654 | D:5      | Killed Canard's ghost
  5654 | D:5      | Reached XP level 8. HP: 22/48 MP: 10/10
  5759 | D:5      | Noticed Grinder
  5771 | D:5      | Killed Grinder
  5771 | D:5      | Reached skill level 10 in Unarmed Combat
  6025 | D:5      | Found an opulent altar of Gozag.
  6534 | D:6      | Bought a runed hunting sling for 40 gold pieces
  6853 | D:2      | Noticed Natasha
  6857 | D:2      | Killed Natasha
  6857 | D:2      | Reached XP level 9. HP: 53/53 MP: 11/11
  7262 | D:6      | Reached skill level 1 in Slings
  7616 | D:6      | Gained mutation: You have very sharp teeth. [potion of beneficial mutation]
  7621 | D:6      | Reached skill level 3 in Dodging
  8372 | D:7      | Found Yriobul's Distillery.
  8380 | D:7      | Bought a potion of heal wounds for 55 gold pieces
  8478 | D:7      | Reached skill level 4 in Dodging
  8539 | D:7      | Found a staircase to the Ecumenical Temple.
  9059 | D:7      | Reached skill level 5 in Dodging
  9342 | D:7      | Reached XP level 10. HP: 31/65 MP: 12/12
  9634 | D:7      | Reached skill level 5 in Fighting
  9747 | D:8      | Reached skill level 5 in Slings
  9863 | D:8      | Found an oddly glowing altar of Pakellas.
  9899 | D:8      | Found a staircase to the Lair.
 10076 | D:8      | Found a glowing silver altar of Zin.
 10103 | D:8      | Noticed Grum
 10112 | D:8      | HP: 2/66 [Grum/enchanted spear (20)]
 10115 | D:8      | Killed Grum
 10121 | D:8      | HP: 2/67 [wolf[Grum] (10)]
 10155 | D:8      | Reached skill level 6 in Dodging
 10295 | D:8      | Found an ancient bone altar of Kikubaaqudgha.
 10295 | D:8      | Found a blossoming altar of Fedhas.
 10918 | D:8      | Found a shadowy altar of Dithmenos.
 11294 | D:9      | Found a staircase to the Orcish Mines.
 11786 | D:9      | Reached skill level 7 in Dodging
 11815 | D:9      | Found a radiant altar of Vehumet.
 11905 | D:9      | Reached XP level 11. HP: 35/75 MP: 8/13
 11927 | D:9      | Found a shimmering altar of Xom.
 11951 | D:9      | Found a deep blue altar of Sif Muna.
 12235 | D:9      | Found a basalt altar of Yredelemnul.
 12751 | D:9      | HP: 3/75 [troll (5)]
 12751 | D:9      | HP: 1/75 [troll (2)]
 13154 | D:10     | Entered Level 10 of the Dungeon
 13238 | D:10     | Gained mutation: Your spells are a little harder to cast, but a little more powerful. [potion of mutation]
 13238 | D:10     | Gained mutation: You tend to lose your temper in combat. [potion of mutation]
 13239 | D:10     | Gained mutation: Your system is resistant to poisons. [potion of mutation]
 13239 | D:10     | Gained mutation: Your flesh is cold resistant. [potion of mutation]
 13240 | D:10     | Gained mutation: You are occasionally teleported next to monsters. [potion of mutation]
 13240 | D:10     | Gained mutation: You occasionally shout uncontrollably at your foes. [potion of mutation]
 13240 | D:10     | Lost mutation: You occasionally shout uncontrollably at your foes. [potion of mutation]
 13241 | D:10     | Reached skill level 11 in Dodging
 13241 | D:10     | Reached XP level 12. HP: 66/81 MP: 14/14
 13385 | D:10     | Noticed Erolcha
 13895 | D:10     | Found Baumuet's Sacrilege Store.
 13895 | D:10     | Found an ancient bone altar of Kikubaaqudgha.
 13907 | D:10     | Noticed Snorg
 14367 | D:10     | Noticed a tengu warrior
 14375 | D:10     | Noticed a tengu warrior
 14383 | D:10     | Killed a tengu warrior
 14386 | D:10     | HP: 5/124 [tengu warrior/long sword[a tengu warrior] (6)]
 14386 | D:10     | Slain by a tengu warrior

Vault maps used:
D:1:      evilmike_arrival_run_for_it
D:2:      lemuel_round_altar, first_bread, kennysheep_generic_room_5,
          uniq_natasha
D:3:      gup_sewer_entry_bowl
D:4:      nicolae_ru_awakened_eye, kennysheep_generic_room_11,
          uniq_blork_the_orc
D:5:      basic_altar, uniq_grinder
D:7:      minmay_temple_entry_purple_smoke, serial_shops, shop_fountains,
          the_bakery, kennysheep_generic_room_2
D:8:      grunt_temple_overflow_growth_and_decay, grunt_dithmenos_shadows,
          nicolae_overflow_crystal_walls, grunt_pakellas_sulfur,
          david_lair_shrubbed, grunt_ministairs_4,
          eino_small_chamber_without_monster, uniq_grum
D:9:      nicolae_overflow_hidden_temple, xom_teletrap_fun, kennysheep_mini,
          kennysheep_orc_monster_closet_entryway, vehumet_altar_wand_db
D:10:     minmay_distorted_concentric_squares, nicolae_evil_shop, uniq_erolcha,
          uniq_snorg
Sewer:    sewer_kobolds

Skill      XL: |  1  2  3  4  5  6  7  8  9 10 11 12 |
---------------+-------------------------------------+-----
Unarmed Combat | 1 2 3 4 6 7 9 10 | 10.8
Slings         | 4 6 7 8 |  8.0
Fighting       | 4 7 8 |  8.3
Dodging        | 5 7 11 | 11.9
Short Blades   | |  1.0
Stealth        | |  1.3
Evocations     | |  3.2

Action                   |  1- 3 |  4- 6 |  7- 9 | 10-12 || total
-------------------------+-------+-------+-------+-------++-------
Melee: Unarmed           |    50 |   179 |   291 |   158 ||   678
       Great mace        |       |       |       |   125 ||   125
 Fire: Hunting sling     |       |       |    38 |    71 ||   109
Invok: Call Merchant     |       |       |     1 |     1 ||     2
Evoke: Wand              |       |       |       |    20 ||    20
  Use: Scroll            |       |     4 |    10 |     8 ||    22
       Potion            |       |       |     9 |    10 ||    19
 Stab: Sleeping          |     3 |    15 |    11 |     8 ||    37
       Distracted        |       |     1 |     1 |     2 ||     4
       Invisible         |       |       |       |     3 ||     3
  Eat: Pizza             |       |     1 |     2 |     2 ||     5
       Beef jerky        |       |     1 |       |       ||     1
       Bread ration      |       |     2 |     1 |     1 ||     4
       Meat ration       |       |       |     2 |     1 ||     3
       Royal jelly       |       |       |       |     2 ||     2
